cohdb
Replays
Latest Replays
All Replays
Popular Replays
Top Player Replays
Match Explorer
How It Works
Community
CoH3 Stats
Reddit
Sign in to upload your games and track your stats! →
Sign in with Steam
Match 34677564
Unlisted
Match 34677564
Overview
Messages
Build Orders
End
Panzergrenadier Squad
Panzergrenadier Squad
Selects Battlefield Espionage Battlegroup
Panzergrenadier Squad
Construct Light Support Kompanie
Fire Support Elements
Selects Intel Disruption Beacon
2.5-tonne Medical Truck
Panzerpioneer Squad
Flakvierling Half-track
MG34 Team
Assault Grenadier Squad
Selects Plunder
Selects Firestorm
Construct Mechanized Kompanie
Veteran Squad Leaders
Selects 250/3 Funkpanzerwagen
Firestorm
Construct Panzerarmee Kommand
Selects Advanced Ambush Training
Armored Reserves
Panzer III L Medium Tank
Selects Operation Skorpion
Firestorm
딱대
GoreMore
Bruistablet
Professor gibberish
0
0
Comments
sign in to comment!
No comments posted yet!